 Dungeon Crawl Stone Soup version 0.30-a0-782-ge64f9170bb (webtiles) character file.

Game seed: 1657868973122900555

1964 vineage the Basher (level 9, -8/87 HPs)
             Began as a Gargoyle Fighter on Feb 20, 2023.
             Was a Follower of Okawaru.
             Killed by divine providence
             ... invoked by an orc priest
              (18 damage)
             ... on level 7 of the Dungeon.
             The game lasted 00:05:58 (5777 turns).

vineage the Basher (Gargoyle Fighter)               Turns: 5777, Time: 00:05:58

Health: -8/87      AC: 18    Str: 24    XL:     9   Next: 19%
Magic:  19/19      EV: 12    Int:  9    God:    Okawaru [*.....]
Gold:   291        SH:  5    Dex:  9    Spells: 8/8 levels left

rFire   . . .      SeeInvis .    y - +2 whip (venom)
rCold   . . .      Faith    .    c - +1 buckler
rNeg    + . .      Spirit   .    o - +1 chain mail of the Heavens {Harm MP+9}
rPois   ∞          Reflect  .    l - +0 helmet
rElec   +          Harm     +    (no cloak)
rCorr   .          Rampage  .    (no gloves)
Will    .....                    (no boots) Stlth
                                 (no amulet)
HPRegen 0.34/turn                m - +5 ring of evasion
MPRegen 0.16/turn                (no ring)

@: berserking (expiring), very quick
A: sickness immunity, AC +6, negative energy resistance 1, electricity
resistance, torment resistance 1, petrification resistance
a: Renounce Religion, Heroism


You were on level 7 of the Dungeon.
You worshipped Okawaru.
Okawaru was aware of your devotion.
You visited 2 branches of the dungeon, and saw 8 of its levels.

You collected 291 gold pieces.

Inventory:

Hand Weapons
 a - a +0 flail
 y - a +2 whip of venom (weapon)
Missiles
 w - a throwing net (quivered)
Armour
 c - a +1 buckler (worn)
 l - a +0 helmet (worn)
 o - the +1 chain mail of the Heavens (worn) {Harm MP+9}
   (You found it on level 7 of the Dungeon)

   MP:        It affects your magic capacity (+9).
   Harm:      It increases damage dealt and taken.
Jewellery
 m - a +5 ring of evasion (left hand)
 u - a ring of wizardry
Wands
 h - a wand of iceblast (3)
Scrolls
 f - 2 scrolls of blinking
Potions
 b - 2 potions of mutation
 d - a potion of brilliance
 e - a potion of berserk rage
 g - 2 potions of curing
 i - 3 potions of cancellation {unknown}
 k - a potion of heal wounds {unknown}
 n - a potion of lignification {unknown}
 p - a potion of ambrosia {unknown}
 t - a potion of flight {unknown}
 x - a potion of degeneration {unknown}


   Skills:
 + Level 7.7 Fighting
 * Level 9.4 Maces & Flails
 + Level 4.0 Armour
 + Level 4.0 Shields
 + Level 2.0 Invocations


You had 8 spell levels left.
You didn't know any spells.
Your spell library contained the following spells:

 Spells                   Type           Power      Damage    Failure   Level
 Shock                    Conj/Air       0%         1d3       98%         1
 Ignite Poison            Fire/Tmut/Pois 0%         N/A       100%        3
 Kindle Blastsparks       Fire/Tloc/Air  0%         2d10      100%        3
 Swiftness                Air            0%         N/A       100%        3
 Airstrike                Air            0%         2d(0-16)  100%        4
 Freezing Cloud           Conj/Ice/Air   0%         6-21      100%        5


Dungeon Overview and Level Annotations

Branches:
Dungeon (7/15)             Temple (1/1) D:6

Altars:
Ashenzari
Cheibriados
Dithmenos
Elyvilon
Fedhas
Gozag
Nemelex Xobeh
Okawaru
Qazlal
Ru
Sif Muna
Trog
Uskayaw
Vehumet
Xom
Yredelemnul
Zin

Shops:
D:4 (


Innate Abilities, Weirdness & Mutations

You are immune to sickness and miasma.
Your stone body is resilient. (AC +6)
You are immune to poison.
You resist negative energy. (rN+)
You are resistant to electric shocks. (rElec)
You are resistant to unholy torment.
You are immune to petrification.


Message History

You are too injured to fight recklessly!
You are too injured to fight recklessly!
You are too injured to fight recklessly!
You are too injured to fight recklessly!
You feel better. The wight misses you.
A red film seems to cover your vision as you go berserk!
You feel yourself moving faster!
You feel mighty! The wight hits you with a +3 battleaxe!
You closely miss the wight.
The wight is almost destroyed.
You whack the wight!
You destroy the wight!
Okawaru accepts your kill.
The orc priest miscasts a cantrip.
Your Armour skill increases to level 4!
Your Shields skill increases to level 4!
Your Invocations skill increases to level 2!
You whack the orc priest!
You kill the orc priest!
Okawaru accepts your kill. The orc hits you with a +0 whip.
* * * LOW HITPOINT WARNING * * *
You block the orc's attack.
There is an open door, spattered with blood here.
Items here: )))))) [[[[ ††.
You barely miss the orc. You whack the orc!
You kill the orc!
Okawaru accepts your kill. The orc barely misses you.
The orc priest mumbles some strange prayers to Beogh against you.
Beogh smites you!
* * * LOW HITPOINT WARNING * * *
You closely miss the orc. You whack the orc!
You kill the orc!
Okawaru accepts your kill.
The orc priest calls down the wrath of Beogh upon you.
Beogh smites you!
You die...

########.## ##.#
##.###.##
#.#...## ##+#
##.#### #...#
##.## .....#
#...# ......#
###...###
.......##.......#
......o@........#
.......##.......#
......# ###...###
.....# #...#
#...# #.### ##+#
#.# #.# #.#
######.# #.#
#......########.#


You could see an orc priest.

Vanquished Creatures
  Sigmund (D:4)
  Edmund (D:4)
  3 water moccasins
  A black bear (D:5)
  A centaur (D:7)
  A gnoll sergeant (D:6)
  A bullfrog (D:7)
  3 necrophages (D:5)
  A scorpion (D:6)
  4 wights (D:7)
  3 orc priests
  3 gnoll boudas
  2 jellies
  An iguana (D:5)
  An orc wizard (D:6)
  20 gnolls
  7 adders
  A white imp (D:7)
  A worm (D:2)
  2 dart slugs
  16 orcs
  2 bats (D:1)
  3 endoplasms
  A giant cockroach (D:1)
  6 goblins
  3 hobgoblins
  3 jackals (D:1)
  4 quokkas
  4 ball pythons
  4 frilled lizards
  6 kobolds
  2 rats
112 creatures vanquished.

Notes
Turn   | Place    | Note
-------+----------+-------------------------------------------
     0 | D:1      | vineage the Gargoyle Fighter began the quest for the Orb.
     0 | D:1      | Reached XP level 1. HP: 14/14 MP: 1/1
   314 | D:1      | Reached XP level 2. HP: 19/19 MP: 2/2
   710 | D:2      | Reached skill level 3 in Maces & Flails
   710 | D:2      | Reached XP level 3. HP: 24/24 MP: 3/3
   811 | D:2      | Found a basalt altar of Yredelemnul.
  1184 | D:2      | Reached XP level 4. HP: 28/29 MP: 4/4
  1492 | D:3      | Found a bloodstained altar of Trog.
  1667 | D:3      | Reached skill level 4 in Maces & Flails
  1868 | D:3      | Identified the +2 ring mail of Jekkomul {rC+ rN+ rCorr}
  1993 | D:4      | Found Veuh Eli's Antique Weapon Emporium.
  2084 | D:4      | Noticed Sigmund
  2097 | D:4      | Killed Sigmund
  2098 | D:4      | Reached skill level 5 in Maces & Flails
  2098 | D:4      | Reached XP level 5. HP: 27/34 MP: 5/5
  2098 | D:4      | Reached XP level 6. HP: 32/40 MP: 6/6
  2136 | D:4      | You fall into a shaft and drop 3 floors!
  2226 | D:6      | Reached skill level 5 in Fighting
  2263 | D:6      | Found a staircase to the Ecumenical Temple.
  2271 | Temple   | Entered the Ecumenical Temple
  2319 | Temple   | Became a worshipper of Warmaster Okawaru
  2343 | D:5      | Entered Level 5 of the Dungeon
  2395 | D:5      | Reached skill level 6 in Maces & Flails
  2401 | D:5      | Noticed a black bear
  2415 | D:5      | Killed a black bear
  2416 | D:5      | Reached XP level 7. HP: 28/45 MP: 7/7
  3089 | D:4      | Reached skill level 7 in Maces & Flails
  3277 | D:4      | Noticed Edmund
  3303 | D:4      | Killed Edmund
  3304 | D:4      | Reached XP level 8. HP: 12/52 MP: 8/8
  3865 | D:5      | Reached * piety under Okawaru
  4340 | D:5      | Reached skill level 8 in Maces & Flails
  4771 | D:6      | Found a broken altar of Ashenzari.
  4771 | D:6      | Found a hide-covered altar of Uskayaw.
  4771 | D:6      | Found an opulent altar of Gozag.
  5034 | D:6      | Found a snail-covered altar of Cheibriados.
  5163 | D:6      | Identified the +4 halberd of Zioschiona {drain, Str+4
                  | Int+2}
  5289 | D:7      | Reached skill level 9 in Maces & Flails
  5289 | D:7      | Reached skill level 1 in Invocations
  5417 | D:7      | Identified the +1 chain mail of the Heavens {Harm MP+9}
  5734 | D:7      | Reached XP level 9. HP: 49/57 MP: 9/9
  5777 | D:7      | Killed from afar by an orc priest

Illustrated notes

Levels and vault maps discovered:
D:1:      minmay_arrival_stone_box, layout_basic, minmay_hedge_maze
D:2:      layout_basic, basic_altar, grunt_ministairs_4
D:3:      layout_basic, mainiacjoe_overflow_alcove_1, serial_curves,
          eino_curves_01, eino_curves_02
D:4:      layout_cave_pools, nicolae_inconvenience_store,
          sigmund_edmund_badplayer
D:5:      layout_basic
D:6:      layout_loops_ring, lemuel_tele_altar,
          chequers_temple_overflow_statue_of_worship, minmay_temple_entry_grid
D:7:      layout_loops_corners
Temple:   hellmonk_temple_of_storms

Skill      XL: |  1  2  3  4  5  6  7  8  9 |
---------------+----------------------------+-----
Maces & Flails | 3 5 6 7 9 |  9.4
Fighting       | 4 5 6 7 |  7.7
Invocations    | 1 2 |  2.0
Armour         | 4 |  4.0
Shields        | 4 |  4.0

Action                     |  1- 3 |  4- 6 |  7- 9 || total
---------------------------+-------+-------+-------++-------
  Melee: Flail             |    85 |   109 |   147 ||   341
         Whip              |       |       |   169 ||   169
 Invoke: Heroism           |       |       |     2 ||     2
    Use: Scroll            |     6 |       |    13 ||    19
         Potion            |       |     1 |     2 ||     3
 Armour: Scale mail        |    37 |       |       ||    37
         Chain mail        |    13 |    67 |   127 ||   207
  Dodge: Dodged            |    37 |    44 |    85 ||   166
  Block: Buckler           |    19 |    22 |    59 ||   100

Table legend: (Time is in decaauts)
 A = Elapsed time spent in this place.
 B = Non-inter-level travel time spent in this place.
 C = Inter-level travel time spent in this place.
 D = Time resting spent in this place.
 E = Time spent auto-exploring this place.
 F = Levels seen in this place.
 G = Mean time per level.
                   A        B        C        D        E       F      G
               +--------+--------+--------+--------+--------+-----+--------+
         Total |   5788 |   5327 |    461 |    882 |   3493 |   8 |  723.5 |
       Dungeon |   5729 |   5293 |    436 |    882 |   3469 |   7 |  818.4 |
        Temple |     59 |     34 |     25 |      0 |     24 |   1 |   59.0 |
               +--------+--------+--------+--------+--------+-----+--------+

Top non-repeatable levels by time:
     D:4: 1419 daAuts
     D:5: 1061 daAuts
     D:2: 755 daAuts
     D:1: 721 daAuts
     D:6: 717 daAuts
     D:7: 538 daAuts
     D:3: 516 daAuts
  Temple: 59 daAuts
